 Dungeon Sprint DCSS version 0.30-a0-269-gf0224bf7b6 (webtiles) character file.

Game seed: 10634104536396981291

778 fingers the Cleaver (level 7, -1/106 HPs)
             Began as an Ogre Gladiator on Oct 14, 2022.
             Was a Follower of Hepliaklqana.
             Killed from afar by an air elemental (6 damage)
             ... with a stunning burst
             ... in the Dungeon (Sprint V: "Ziggurat Sprint").
             The game lasted 00:01:37 (387 turns).

fingers the Cleaver (Ogre Gladiator)                 Turns: 387, Time: 00:01:37

Health: -1/106     AC: 18    Str: 21    XL:     7   Next: 85%
Magic:  7/7        EV: -3    Int:  9    God:    Hepliaklqana [*.....]
Gold:   0          SH: 26    Dex: 10    Spells: 6/6 levels left

rFire   + . .      SeeInvis .    G - +6 shillelagh "Devastator" {shatter}
rCold   + . .      Faith    .    m - +18 shield of the Gong {rElec rN+ Will+ EV-5}
rNeg    + . .      Spirit   .    l - +5 gold dragon scales
rPois   +          Reflect  .    c - +0 hat
rElec   +          Harm     .    (no cloak)
rCorr   .          Rampage  .    (gloves unavailable)
Will    +....      NoTele   +    (boots unavailable)
Stlth   ..........               (no amulet)
HPRegen 0.37/turn                (no ring)
MPRegen 0.10/turn                (no ring)

@: berserking, very quick
A: reduced essence, large, unfitting armour, tough skin 1
a: Renounce Religion, Recall Ancestor, Ancestor Identity


You were in the Dungeon.
You worshipped Hepliaklqana.
Hepliaklqana was aware of your devotion.
You visited 1 branch

Inventory:

Hand Weapons
 a - a +0 war axe
 F - the +7 great mace "Firestarter" {inner flame, rF++}
   (You found it in the Dungeon)

   It burns those it strikes, dealing additional fire damage.
   It fills those it strikes with an explosive inner flame.
   It grants immunity to clouds of flame.
   rF:        It greatly protects you from fire.
 G - the +6 shillelagh "Devastator" (weapon) {shatter}
   (You found it in the Dungeon)

   It releases a powerful concussive burst when it strikes, dealing extra damage
   to the target and all other foes adjacent to them.
Missiles
 d - 3 throwing nets (quivered)
 e - a large rock
Armour
 b - a +0 robe
 c - a +0 hat (worn)
 l - +5 gold dragon scales (worn)
 m - the +18 shield of the Gong (worn) {rElec rN+ Will+ EV-5}
   (You found it in the Dungeon)

   It is deafeningly noisy when blocking attacks.
   EV:        It affects your evasion (-5).
   rElec:     It insulates you from electricity.
   rN:        It protects you from negative energy.
   Will:      It increases your willpower.
Jewellery
 n - a ring of flight
 o - a +6 ring of dexterity
 p - a +6 ring of dexterity
 q - a +6 ring of intelligence
 r - a +6 ring of intelligence
 s - a +6 ring of strength
 t - a +6 ring of strength
Wands
 u - a wand of mindburst (7)
 v - a wand of quicksilver (7)
Scrolls
 k - 4 scrolls of blinking
 y - 4 scrolls of amnesia
 C - 7 scrolls of fog
 D - 5 scrolls of identify
 E - 2 scrolls of fear
Potions
 f - 10 potions of curing
 g - 8 potions of heal wounds
 h - 6 potions of haste
 i - 7 potions of magic
 j - 2 potions of berserk rage
 w - 2 potions of brilliance
 x - 2 potions of invisibility
 z - 4 potions of resistance
 A - a potion of experience
 B - 5 potions of might
Miscellaneous
 H - a lightning rod (4/4)
 I - a phial of floods
 J - a box of beasts


   Skills:
 + Level 7.9 Fighting
 + Level 9.6(9.8) Axes
 + Level 2.6(6.2) Maces & Flails
 + Level 5.5 Throwing
 + Level 1.6 Armour
 + Level 8.7 Dodging
 + Level 5.2 Shields
 + Level 2.5 Evocations


You had 6 spell levels left.
You didn't know any spells.
Your spell library was empty.

Dungeon Overview and Level Annotations

Branches:
Dungeon (1/1)

Altars:
Ashenzari
Cheibriados
Dithmenos
Elyvilon
Fedhas
Gozag
Hepliaklqana
Kikubaaqudgha
Makhleb
Nemelex Xobeh
Okawaru
Qazlal
Ru
Sif Muna
Trog
Uskayaw
Vehumet
Wu Jian
Xom
Yredelemnul
Zin
The Shining One
Jiyva
Lugonu

Annotations:
D 1 transporter


Innate Abilities, Weirdness & Mutations

Your life essence is reduced to manifest your ancestor. (-10% HP)
You are too large for most types of armour.
You have tough skin. (AC +1)


Message History

The air elemental hits you.
The air elemental fires a burst of electricity at you.
The stunning burst hits you but does no damage.
The air elemental fires a burst of electricity at you.
The stunning burst hits you! You resist.
You suddenly lose the ability to move!
The air elemental hits you!
* * * LOW HITPOINT WARNING * * *
The air elemental hits you.
* * * LOW HITPOINT WARNING * * *
Ferran closely misses the air elemental.
The air elemental hits you!
* * * LOW HITPOINT WARNING * * *
The air elemental fires a burst of electricity at you.
The stunning burst hits you but does no damage.
The air elemental hits you but does no damage. x2
The air elemental hits you.
* * * LOW HITPOINT WARNING * * *
The air elemental fires a burst of electricity at you.
The stunning burst hits you! You resist.
* * * LOW HITPOINT WARNING * * *
The air elemental hits you but does no damage.
Ferran hits the air elemental.
The air elemental hits you but does no damage.
The air elemental completely misses you.
You can move again.
Unknown command.
You hit the air elemental. Ferran avoids your attack.
The air elemental is moderately damaged. x2
The air elemental is lightly damaged.
Ferran avoids your attack.
The air elemental is moderately damaged.
The air elemental fires a burst of electricity at you.
The stunning burst hits you. You resist.
* * * LOW HITPOINT WARNING * * *
The air elemental fires a burst of electricity at you.
The stunning burst hits you but does no damage.
You shrug off the repeated paralysis!
The air elemental fires a burst of electricity at you.
The stunning burst hits you. You resist.
You die...

▓▓▓▓▓▓▓▓▓▓▓▓▓▓▓▓▓▓▓
▓.8©8.▓.8©8.▓.8©8.▓
▓.=|}.▓.))..▓.....▓
▓..=..▓.....▓.)...▓
▓.....▓.....▓.....▓
▓...R.▓.))).▓..†..▓
▓.EEE.▓.....▓..©..▓
▓..@..▓..©..▓▓▓▓▓▓▓
▓▓▓▓▓▓▓▓▓▓▓▓▓


You could see the friendly Ferran the ancestor and 3 air elementals.

Vanquished Creatures
  3 merfolk (D)
  An air elemental (D)
  An adder (D)
  A ball python (D)
6 creatures vanquished.

Notes
Turn   | Place    | Note
-------+----------+-------------------------------------------
     0 | D        | fingers the Ogre Gladiator began the quest for the Orb.
     0 | D        | Reached XP level 1. HP: 22/22 MP: 1/1
    16 | D        | Found a blossoming altar of Fedhas.
    16 | D        | Found the +6 Majin-Bo {vamp, MP+6 Int+6}
    16 | D        | Found the +9 heavy crossbow "Sniper" {vorpal, Acc+∞ SInv}
    16 | D        | Found the +10 dark maul {vorpal}
    16 | D        | Found the +15 Maxwell's patent armour {-Cast -Tele rElec
                  | Will+ rCorr}
    16 | D        | Found the +18 shield of the Gong {rElec rN+ Will+ EV-5}
    16 | D        | Found the +14 obsidian axe {vorpal, Mesm Drain Fly SInv}
    16 | D        | Found the +7 great mace "Firestarter" {inner flame, rF++}
    16 | D        | Found the +6 shillelagh "Devastator" {shatter}
    16 | D        | Found the +11 plutonium sword {Contam Stlth-}
    16 | D        | Found the +8 lance "Wyrmbane" {slay drac, rPois rF+ rC+
                  | AC+3}
    16 | D        | Found the +9 sword of Zonguldrok {reap}
    16 | D        | Found the +13 scythe of Curses {drain, Drain}
    16 | D        | Found the +5 sword of Power {vorpal}
    16 | D        | Found the +7 mace of Variability {chain chaos}
    16 | D        | Found the +7 Singing Sword {vorpal, sonic wave}
    16 | D        | Found the +8 storm bow {elec, penet}
    17 | D        | Found a viscous altar of Jiyva.
    17 | D        | Found a transporter.
    17 | D        | Found a hazy altar of Hepliaklqana.
    17 | D        | Found an ancient bone altar of Kikubaaqudgha.
    17 | D        | Found an opulent altar of Gozag.
    17 | D        | Found a corrupted altar of Lugonu.
    18 | D        | Found a burning altar of Makhleb.
    20 | D        | Found a sacrificial altar of Ru.
    20 | D        | Found a stormy altar of Qazlal.
    20 | D        | Found a shimmering blue altar of Sif Muna.
    20 | D        | Found an iron altar of Okawaru.
    20 | D        | Found a bloodstained altar of Trog.
    20 | D        | Found a sparkling altar of Nemelex Xobeh.
    75 | D        | Became a worshipper of Hepliaklqana the Forgotten
   111 | D        | Entered arena 2.
   111 | D        | Found a transporter.
   116 | D        | Reached XP level 2. HP: 31/31 MP: 2/2
   126 | D        | Entered arena 3.
   126 | D        | Noticed a merfolk
   126 | D        | Noticed a merfolk
   126 | D        | Noticed a merfolk
   126 | D        | Found a transporter.
   134 | D        | Killed a merfolk
   135 | D        | Reached skill level 5 in Fighting
   135 | D        | Reached skill level 7 in Axes
   135 | D        | Reached skill level 1 in Maces & Flails
   135 | D        | Reached skill level 1 in Evocations
   135 | D        | Reached XP level 3. HP: 7/44 MP: 3/3
   135 | D        | Reached XP level 4. HP: 9/52 MP: 4/4
   135 | D        | Reached XP level 5. HP: 10/59 MP: 5/5
   137 | D        | Killed a merfolk
   138 | D        | Reached skill level 8 in Axes
   138 | D        | Reached XP level 6. HP: 35/68 MP: 6/6
   140 | D        | Killed a merfolk
   141 | D        | Reached skill level 9 in Axes
   141 | D        | Reached skill level 5 in Throwing
   141 | D        | Reached skill level 1 in Armour
   141 | D        | Reached XP level 7. HP: 36/78 MP: 7/7
   376 | D        | Entered arena 4.
   376 | D        | Noticed an air elemental
   376 | D        | Noticed an air elemental
   376 | D        | Noticed an air elemental
   376 | D        | Noticed an air elemental
   376 | D        | Reached * piety under Hepliaklqana
   376 | D        | Found a transporter.
   376 | D        | Paralysed by an air elemental for 1 turns
   378 | D        | Paralysed by an air elemental for 1 turns
   380 | D        | Killed an air elemental
   381 | D        | Reached skill level 5 in Shields
   383 | D        | Paralysed by an air elemental for 1 turns
   385 | D        | Paralysed by an air elemental for 1 turns
   387 | D        | HP: 5/106 [air elemental/stunning burst (4)]
   387 | D        | Killed from afar by an air elemental

Illustrated notes

Levels and vault maps discovered:
D:        sprint_v [room_start, room_1, room_2, room_3, room_4, room_5, room_6,
          room_7, room_8, room_9, room_10, room_11, room_12, room_13, room_14,
          room_15, room_16, room_17, room_18, room_19, room_20, room_21,
          room_22, room_23, room_24, room_25, room_26, room_27]

Skill      XL: |  1  2  3  4  5  6  7 |
---------------+----------------------+-----
Fighting       | 3 5 6 7 |  7.9
Dodging        | 3 6 7 8 |  8.7
Axes           | 7 8 9 |  9.6
Maces & Flails | 1 2 |  2.6
Throwing       | 4 5 |  5.5
Shields        | 3 4 5 |  5.2
Evocations     | 1 2 |  2.5
Armour         | 1 |  1.6

Action                   |  1- 3 |  4- 6 |  7- 9 || total
-------------------------+-------+-------+-------++-------
Melee: Shillelagh        |     8 |     4 |     7 ||    19
Evoke: Lightning rod     |     2 |       |       ||     2
       Phial of floods   |     1 |       |     1 ||     2
  Use: Potion            |       |     1 |     2 ||     3
Armor: Gold dragon scale |     6 |     1 |    32 ||    39
Dodge: Dodged            |       |       |     4 ||     4
Block: Kite shield       |    20 |     5 |    17 ||    42

Table legend: (Time is in decaauts)
 A = Elapsed time spent in this place.
 B = Non-inter-level travel time spent in this place.
 C = Inter-level travel time spent in this place.
 D = Time resting spent in this place.
 E = Time spent auto-exploring this place.
 F = Levels seen in this place.
 G = Mean time per level.
                   A        B        C        D        E       F      G
               +--------+--------+--------+--------+--------+-----+--------+
         Total |    390 |    390 |      0 |    226 |      0 |   1 |  390.0 |
       Dungeon |    390 |    390 |      0 |    226 |      0 |   1 |  390.0 |
               +--------+--------+--------+--------+--------+-----+--------+

Top non-repeatable levels by time:
       D: 390 daAuts
